 Dungeon Crawl Stone Soup version 0.21.1-1-g345015f (webtiles) character file.

1299 shakethe the Digger (level 8, -1/41 HPs)
             Began as a Gargoyle Earth Elementalist on Feb 5, 2018.
             Was an Initiate of Vehumet.
             Slain by a killer bee (4 damage)
             ... on level 7 of the Dungeon on Feb 6, 2018.
             The game lasted 00:27:57 (6193 turns).

shakethe the Digger (Gargoyle Earth Elementalist)   Turns: 6193, Time: 00:27:57

Health: -1/41      AC: 11    Str: 13    XL:     8   Next: 57%
Magic:  5/15       EV: 12    Int: 17    God:    Vehumet [......]
Gold:   139        SH:  0    Dex: 10    Spells: 7/16 levels left

rFire    . . .     SeeInvis .   i - staff of air
rCold    . . .     Gourm    .   (no shield)
rNeg     + . .     Faith    .   c - +0 robe
rPois    ∞         Spirit   .   F - +2 hat
rElec    +         Reflect  .   o - +0 cloak
rCorr    .         Harm     +   I - +0 pair of gloves
MR       .....                  (no boots)
Stlth    ++........             q - amulet of harm
HPRegen  0.13/turn              (no ring)
MPRegen  0.14/turn              (no ring)

@: no status effects
A: negative energy resistance 1, electricity resistance, unbreathing,
petrification resistance, rot immunity, AC +5
a: Renounce Religion


You were on level 7 of the Dungeon.
You worshipped Vehumet.
Vehumet was noncommittal.
You were not hungry.

You visited 2 branches of the dungeon, and saw 8 of its levels.

You collected 299 gold pieces.
You spent 160 gold pieces at shops.

Inventory:

Hand Weapons
 n - a +0 hand axe
 t - a +0 mace
Missiles
 b - 59 stones (quivered)
Armour
 c - a +0 robe (worn)
 o - a +0 cloak (worn)
 F - a +2 hat (worn)
 I - a +0 pair of gloves (worn)
 K - a +0 shield
 M - a +0 plate armour
Magical Staves
 i - an uncursed staff of air (weapon)
Jewellery
 q - an amulet of harm (around neck)
 B - an uncursed ring of poison resistance {unknown}
 C - an uncursed ring of ice {unknown}
 E - an uncursed amulet of magic regeneration {unknown}
Wands
 u - a wand of iceblast (10)
 G - a wand of polymorph (35)
 N - a wand of paralysis (9)
Scrolls
 f - 7 scrolls of remove curse {unknown}
 g - 9 scrolls of teleportation {unknown}
 h - 2 scrolls of fear {unknown}
 j - 2 scrolls of fog {unknown}
 k - a scroll of immolation {unknown}
 m - 2 scrolls of amnesia {unknown}
 y - 2 scrolls of enchant weapon {unknown}
 A - 3 scrolls of identify {unknown}
 D - a scroll of vulnerability {unknown}
 L - a scroll of magic mapping {unknown}
Potions
 a - 2 potions of haste {unknown}
 l - 3 potions of lignification {unknown}
 p - 2 potions of flight {unknown}
 r - a potion of brilliance {unknown}
 s - 4 potions of curing {unknown}
 v - a potion of might {unknown}
 w - a potion of heal wounds {unknown}
 x - 2 potions of degeneration {unknown}
 z - 2 potions of berserk rage {unknown}
 H - a potion of agility {unknown}
 J - a potion of cancellation {unknown}
Books
 e - a book of Geomancy

   Spells                             Type                      Level
   a - Sandblast                      Earth                        1
   b - Passwall                       Transmutation/Earth          2
   c - Stone Arrow                    Conjuration/Earth            3
   d - Petrify                        Transmutation/Earth          4
   e - Lee's Rapid Deconstruction     Earth                        5
Comestibles
 d - 5 rations


   Skills:
 - Level 1.5 Dodging
 - Level 2.1 Stealth
 * Level 6.3 Shields
 - Level 4.8 Spellcasting
 - Level 4.5 Conjurations
   Level 0.7 Transmutations
 - Level 6.8 Earth Magic


You had 7 spell levels left.
You knew the following spells:

 Your Spells              Type           Power        Failure   Level  Hunger
a - Sandblast             Erth           ####..       1%          1    None
b - Stone Arrow           Conj/Erth      ###...       4%          3    ###....
c - Lee's Rapid Deconstr  Erth           ####......   24%         5    ######.


Dungeon Overview and Level Annotations

Branches:
Dungeon (7/15)             Temple (1/1) D:5

Altars:
Dithmenos
Elyvilon
Fedhas
Gozag
Kikubaaqudgha
Makhleb
Nemelex Xobeh
Qazlal
Trog
Vehumet
Xom
Zin

Shops:
D:4 :   D:5 [

Annotations:
D:3 ceb's ghost, amateur HOFi


Innate Abilities, Weirdness & Mutations

You are resistant to torment.
Your stone body is resilient. (AC +5)
You are immune to poison.
You resist negative energy. (rN+)
You are resistant to electric shocks. (rElec)
You can survive without breathing.
You are immune to petrification.
You are immune to rotting.


Message History

You kill the killer bee!
Vehumet accepts your kill.
b - 59 stones The killer bee stings you but does no damage.
The killer bee closely misses you. The killer bee barely misses you. x2
The killer bee misses you. The killer bee completely misses you.
The killer bee stings you! The killer bee stings you.
* * * LOW HITPOINT WARNING * * *
The killer bee barely misses you. The killer bee stings you.
* * * LOW HITPOINT WARNING * * *
The killer bee barely misses you. The killer bee misses you.
The killer bee stings you but does no damage.
The killer bee stings you.
* * * LOW HITPOINT WARNING * * *
The killer bee closely misses you. The killer bee stings you.
* * * LOW HITPOINT WARNING * * *
The killer bee stings you.
You die...

......##......#
#...#......#
#......# ##...#.#
##.##.########
#.##.<.......
#.###########
##'## ##y@.##
##.yy..##
##.......##
...####†........#
......')........+
...####.........#
##.......##
##.....## ##...##


You could see 3 killer bees.

Vanquished Creatures
  The ghost of adept the Geomancer, a novice DDEE (D:5)
  An orc warrior (D:6)
  2 centaurs (D:6)
  A bullfrog (D:6)
  2 scorpions
  A killer bee (D:7)
  3 hounds
  A centaur skeleton (D:7)
  An orc priest (D:6)
  Jessica (D:3)
  2 iguanas
  4 worker ants
  9 adders
  A howler monkey skeleton (D:6)
  A shadow imp (D:2)
  3 oozes
  4 worms
  4 dart slugs
  4 leopard geckos
  9 orcs
  5 bats
  8 giant cockroaches
  5 goblins
  7 hobgoblins
  5 jackals (D:3)
  7 kobolds
  2 quokkas
  A ball python (D:1)
  4 frilled lizards
  11 rats
110 creatures vanquished.

Notes
Turn   | Place    | Note
-------+----------+-------------------------------------------
     0 | D:1      | shakethe the Gargoyle Earth Elementalist began the quest for the Orb.
     0 | D:1      | Reached XP level 1. HP: 10/10 MP: 3/3
   151 | D:1      | Reached XP level 2. HP: 8/15 MP: 1/5
   568 | D:1      | Reached XP level 3. HP: 19/19 MP: 2/6
   597 | D:1      | Learned a level 3 spell: Stone Arrow
  1172 | D:2      | Reached skill level 1 in Conjurations
  1276 | D:2      | Reached XP level 4. HP: 23/24 MP: 8/8
  1366 | D:2      | Found a glowing silver altar of Zin.
  1434 | D:2      | Found a burning altar of Makhleb.
  1437 | D:2      | Found a white marble altar of Elyvilon.
  1437 | D:2      | Found an opulent altar of Gozag.
  1678 | D:2      | Reached skill level 5 in Earth Magic
  1787 | D:2      | Reached XP level 5. HP: 26/28 MP: 7/9
  2045 | D:3      | Found a sparkling altar of Nemelex Xobeh.
  2473 | D:3      | Noticed Jessica
  2476 | D:3      | Killed Jessica
  2540 | D:3      | Found a bloodstained altar of Trog.
  2710 | D:3      | Noticed ceb's ghost (amateur HOFi)
  3469 | D:4      | Reached XP level 6. HP: 32/32 MP: 8/11
  3481 | D:4      | Learned a level 5 spell: Lee's Rapid Deconstruction
  3587 | D:4      | Found Akhlog's Book Emporium.
  3800 | D:5      | Entered Level 5 of the Dungeon
  3816 | D:5      | Found a staircase to the Ecumenical Temple.
  3851 | Temple   | Entered the Ecumenical Temple
  3910 | Temple   | Became a worshipper of Vehumet
  4010 | D:5      | Noticed adept's ghost (novice DDEE)
  4380 | D:5      | Found Xuank's Armour Emporium.
  4396 | D:5      | Bought a +2 hat for 160 gold pieces
  4620 | D:5      | Killed adept's ghost
  4620 | D:5      | Reached XP level 7. HP: 22/36 MP: 0/14
  4944 | D:6      | Reached skill level 1 in Shields
  5002 | D:6      | Reached XP level 8. HP: 22/41 MP: 2/15
  5200 | D:6      | Found a blossoming altar of Fedhas.
  5460 | D:6      | Reached skill level 5 in Shields
  5820 | D:6      | Found an ancient bone altar of Kikubaaqudgha.
  5820 | D:6      | Found a blossoming altar of Fedhas.
  6193 | D:7      | Slain by a killer bee

Skill      XL: |  1  2  3  4  5  6  7  8 |
---------------+-------------------------+-----
Earth Magic    | 4 5 6 |  6.8
Conjurations   | 1 2 4 |  4.5
Spellcasting   | 3 4 |  4.8
Shields        | 3 6 |  6.3
Dodging        | |  1.5
Stealth        | |  2.1
Transmutations | |  0.7

Action                   |  1- 3 |  4- 6 |  7- 9 || total
-------------------------+-------+-------+-------++-------
Melee: Unarmed           |    70 |       |       ||    70
       Staff             |     6 |   115 |    44 ||   165
 Cast: Sandblast         |    35 |    56 |    19 ||   110
       Stone Arrow       |       |    23 |    22 ||    45
 Stab: Sleeping          |       |     3 |       ||     3
  Eat: Chunk             |     2 |     6 |     4 ||    12
       Ration            |       |     2 |     1 ||     3
Armor: Robe              |    32 |    83 |    31 ||   146
Dodge: Dodged            |    63 |    94 |    50 ||   207
